 Dungeon Crawl Stone Soup version 0.29-a0-845-g6161e89988 (console) character file.

Game seed: 2933853765124726281

135 jejorda2 the Slasher (level 4, -1/60 HPs)
             Began as a Draconian Berserker on July 15, 2022.
             Was a Believer of Trog.
             Succumbed to an orc's poison
             ... on level 3 of the Dungeon.
             The game lasted 00:07:37 (2372 turns).

jejorda2 the Slasher (Draconian Berserker)          Turns: 2372, Time: 00:07:37

Health: -1/60      AC:  5    Str: 20    XL:     4   Next: 96%
Magic:  4/4        EV: 13    Int:  7    God:    Trog [**....]
Gold:   9          SH:  0    Dex: 12    Spells: 3/3 levels left

rFire   . . .      SeeInvis .   a - +0 falchion
rCold   + . .      Faith    .   (no shield)
rNeg    . . .      Spirit   .   (body armour unavailable)
rPois   .          Reflect  .   (helmet restricted)
rElec   .          Harm     .   (no cloak)
rCorr   .          Rampage  .   (no gloves)
Will    .....                   (no boots)
Stlth   ..........              (no amulet)
HPRegen 0.20/turn               h - ring of protection from cold
MPRegen 0.09/turn               (no ring)

@: berserking (expiring), lethally poisoned (-1 -> -10), very quick
A: AC +5, unfitting armour, cold-blooded
a: Renounce Religion, Berserk, Trog's Hand


You were on level 3 of the Dungeon.
You worshipped Trog.
Trog was pleased with you.
You visited 1 branch of the dungeon, and saw 3 of its levels.

You collected 59 gold pieces.
You spent 50 gold pieces at shops.

Inventory:

Hand Weapons
 a - a +0 falchion (weapon)
 b - a +0 dagger
Missiles
 c - 22 stones (quivered)
 d - 4 atropa-tipped darts
 j - 5 javelins
Jewellery
 h - a ring of protection from cold (left hand)
Scrolls
 e - a scroll of enchant armour
 f - 2 scrolls of torment
 i - 2 scrolls of teleportation
Potions
 g - a potion of attraction
 k - a potion of curing
 m - a potion of heal wounds {unknown}
 n - a potion of ambrosia {unknown}


   Skills:
 + Level 4.1 Fighting
 * Level 4.5 Long Blades
 + Level 3.4 Dodging


You had 3 spell levels left.
You didn't know any spells.
Your spell library was empty.

Dungeon Overview and Level Annotations

Branches:
Dungeon (3/15)

Altars:

Shops:
D:1 [[??[


Innate Abilities, Weirdness & Mutations

Your plain brown scales are hard. (AC +5)
You cannot fit into any form of body armour.
You are cold-blooded and may be slowed by cold attacks.


Message History

You kill the rat!
Trog accepts your kill.
You feel very sick. The orc barely misses you. The orc closely misses you.
You barely miss the orc.
The orc is severely wounded.
You feel very sick. The orc hits you with a +0 dagger.
The orc hits you with a +1 hand axe of venom.
You are lethally poisoned!
You hit the orc.
You kill the orc!
Trog accepts your kill.
* * * LOW HITPOINT WARNING * * *
You feel very sick.
You hit the orc.
The orc is severely wounded.
* * * LOW HITPOINT WARNING * * *
You feel very sick.
* * * LOW HITPOINT WARNING * * *
You feel very sick.
You hit the orc.
You kill the orc!
Trog accepts your kill.
* * * LOW HITPOINT WARNING * * *
You feel sick.
You slash something!
Your tail-slap misses something.
* * * LOW HITPOINT WARNING * * *
You feel very sick.
An orc comes into view. It is wielding a +0 mace.
Something hits you but does no damage.
You miss something.
Your tail-slap misses something.
* * * LOW HITPOINT WARNING * * *
You feel sick. The orc priest misses you. Something hits you.
* * * LOW HITPOINT WARNING * * *
You closely miss something.
* * * LOW HITPOINT WARNING * * *
You feel sick.
You closely miss something.
You die...

....# ....
#..# #.
#..#####
###.##......
... .....#
#.###)).####
#.....@{..o#.
#......o......
#
##............
####
#............
+...
##......#....
####
#.....###... #
#.##.## #..
#.#### #. #.#
#+## ###


You could see an orc priest and an orc.

Vanquished Creatures
  Jessica (D:3)
  4 adders
  A worm (D:2)
  2 dart slugs
  2 orcs (D:3)
  4 endoplasms
  A giant cockroach (D:2)
  7 goblins
  4 hobgoblins
  8 jackals
  A quokka (D:1)
  2 ball pythons
  9 bats
  6 frilled lizards
  7 kobolds
  6 rats
65 creatures vanquished.

Vanquished Creatures (others)
  A plant (D:3)
1 creature vanquished.

Grand Total: 66 creatures vanquished

Notes
Turn   | Place    | Note
-------+----------+-------------------------------------------
     0 | D:1      | jejorda2 the Draconian Berserker began the quest for the
                  | Orb.
     0 | D:1      | Reached XP level 1. HP: 19/19 MP: 1/1
    82 | D:1      | Reached XP level 2. HP: 26/26 MP: 2/2
   104 | D:1      | Found Vyggev's Antique Armour Shop.
   153 | D:1      | Found Mimekkick's Magic Scroll Shop.
   420 | D:1      | Found Kigeirooch's Magic Scroll Boutique.
   422 | D:1      | Found Keny's Antique Armour Shop.
   455 | D:1      | Reached ** piety under Trog
   586 | D:1      | Found Seruhizo's Antique Armour Shoppe.
   734 | D:1      | Reached XP level 3. HP: 20/31 MP: 3/3
   957 | D:1      | Bought a scroll of teleportation for 30 gold pieces
  1147 | D:1      | Bought a scroll of identify for 20 gold pieces
  1576 | D:2      | Reached XP level 4. HP: 26/40 MP: 4/4
  2350 | D:3      | Noticed Jessica
  2359 | D:3      | Killed Jessica
  2370 | D:3      | HP: 3/60 [something (3)]
  2371 | D:3      | HP: 1/60 [poisoned by an orc]
  2372 | D:3      | Succumbed to an orc's poison

Illustrated notes

Levels and vault maps discovered:
D:1:      spicycebolla_green_bress_n_ham_2, layout_rooms, serial_shops, shop,
          shop, shop, shop, shop
D:2:      layout_loops_cross
D:3:      layout_loops_corners, tso_oasis_becter, gup_sewer_entry_spiral,
          dreamdust_ecumenical_altar_angels_and_demons, minmay_between,
          uniq_jessica

Skill      XL: |  1  2  3  4 |
---------------+-------------+-----
Dodging        | 3 |  3.4
Long Blades    | 4 |  4.5
Fighting       | 4 |  4.1

Action                   |  1- 3 |  4- 6 || total
-------------------------+-------+-------++-------
Melee: Falchion          |   146 |    68 ||   214
       Tailslap          |    14 |     6 ||    20
       Punch             |     2 |     1 ||     3
Throw: Stone             |     1 |       ||     1
Invok: Berserk           |     2 |     1 ||     3
  Use: Scroll            |     3 |     2 ||     5
Armor: Skin              |    56 |    12 ||    68
Dodge: Dodged            |   117 |    42 ||   159

Table legend: (Time is in decaauts)
 A = Elapsed time spent in this place.
 B = Non-inter-level travel time spent in this place.
 C = Inter-level travel time spent in this place.
 D = Time resting spent in this place.
 E = Time spent auto-exploring this place.
 F = Levels seen in this place.
 G = Mean time per level.
                   A        B        C        D        E       F      G
               +--------+--------+--------+--------+--------+-----+--------+
         Total |   2419 |   2294 |    125 |    208 |   1488 |   3 |  806.3 |
       Dungeon |   2419 |   2294 |    125 |    208 |   1488 |   3 |  806.3 |
               +--------+--------+--------+--------+--------+-----+--------+

Top non-repeatable levels by time:
     D:2: 1144 daAuts
     D:1: 1093 daAuts
     D:3: 181 daAuts
